 Dungeon Crawl Stone Soup version 0.31-a0-325-g067879e3d3 (webtiles) character file.

Game seed: 13201409813216754619

5352 Pooter the Cleaver (level 10, -3/136 HPs)
             Began as a Minotaur Berserker on July 18, 2023.
             Was a Priest of Trog.
             Slain by an orc warrior
             ... wielding a +0 glaive
              (14 damage)
             ... in a bailey.
             The game lasted 00:43:18 (7894 turns).

Pooter the Cleaver (Minotaur Berserker)             Turns: 7894, Time: 00:43:18

Health: -3/136     AC: 15    Str: 32    XL:     10   Next: 38%
Magic:  9/9        EV:  8    Int:  4    God:    Trog [***...]
Gold:   1          SH:  0    Dex: 11    Spells: 9/9 levels left

rFire   + . .        a - +2 war axe
rCold   . . .        (no shield)
rNeg    . . .        M - +2 plate armour
rPois   .            (helmet restricted)
rElec   .            m - +1 cloak of Pouruaj {rF+ Regen+ Str+7 SInv}
rCorr   .            (no gloves)
SInv    +            (no boots)
Will    ++...        (no amulet) Stlth
                     (no ring)
HPRegen 2.22/turn    (no ring)
MPRegen 0.11/turn

%: no passive effects
@: berserking, strong-willed, regenerating, very quick
A: horns 2, retaliatory headbutt
a: Renounce Religion, Berserk, Trog's Hand


You were in a bailey.
You worshipped Trog.
Trog was most pleased with you.
You visited 1 branch of the dungeon, and saw 8 of its levels.
You also visited: Sewer, Ossuary and Bailey.

You collected 339 gold pieces.
You spent 338 gold pieces at shops.

Inventory:

Hand Weapons
 a - a +2 war axe (weapon)
   (You found it on level 7 of the Dungeon)
 b - a +0 arbalest
   (You took it off an orc in a bailey)
 i - a +4 shortbow of flaming
   (You found it in a bailey)
 o - a +4 flail of protection
   (You took it off Edmund on level 4 of the Dungeon)
 x - a +1 scimitar of flaming
   (You took it off Erica on level 8 of the Dungeon)
 D - a +0 trident
   (You found it on level 4 of the Dungeon)
Missiles
 g - 6 poisoned darts
 l - 2 throwing nets {!f}
 n - 6 boomerangs (quivered)
 v - 4 atropa-tipped darts
 B - 3 javelins
 Q - 105 stones
Armour
 d - +1 fire dragon scales
   (You found it on level 1 of the Dungeon)
 m - the +1 cloak of Pouruaj (worn) {rF+ Regen+ Str+7 SInv}
   (You bought it in a shop on level 8 of the Dungeon)

   Str:       It affects your strength (+7).
   rF:        It protects you from fire.
   SInv:      It lets you see invisible.
   Regen:     It increases your rate of health regeneration.
 y - a +2 scale mail of poison resistance
   (You took it off Edmund on level 4 of the Dungeon)
 L - the +0 buckler of the Nexus {Str+2}
   (You found it on level 5 of the Dungeon)

   Str:       It affects your strength (+2).
 M - a +2 plate armour (worn)
   (You found it on level 7 of the Dungeon)
Jewellery
 A - a ring of fire
   (You found it on level 4 of the Dungeon)
 N - a ring of positive energy
   (You bought it in a shop on level 8 of the Dungeon)
Wands
 z - a wand of roots (19)
   (You found it on level 7 of the Dungeon)
 O - a wand of mindburst (15)
   (You found it on level 8 of the Dungeon)
Scrolls
 h - a scroll of enchant armour
 j - a scroll of vulnerability {!r}
 k - a scroll of fear
 q - 2 scrolls of fog
 s - 4 scrolls of poison {!r}
 t - 2 scrolls of teleportation {@r4}
 u - a scroll of silence
 F - a scroll of noise {!r}
 I - a scroll of butterflies
Potions
 c - 5 potions of lignification {!q}
 e - 4 potions of curing {@q1}
 f - 2 potions of enlightenment {unknown}
 p - 3 potions of brilliance {unknown}
 r - a potion of berserk rage {unknown}
 w - 2 potions of might {unknown}
 C - 2 potions of heal wounds {unknown}
 E - a potion of magic {unknown}
 G - a potion of experience {unknown}
 K - 2 potions of cancellation {unknown}


   Skills:
 + Level 9.3 Fighting
 * Level 12.4 Axes
 * Level 10.3 Ranged Weapons
 - Level 2.4 Armour
 - Level 2.1 Dodging


You had 9 spell levels left.
You didn't know any spells.
Your spell library was empty.

Dungeon Overview and Level Annotations

Branches:
Dungeon (8/15) Zot: 26636  Temple (0/1) D:4           Sewer (visited)
Ossuary (visited)          Bailey (1/1) Zot: 5345
   Lair: D:8-11

Altars:
Sif Muna
Zin

Shops:
D:8 *

Annotations:
D:3 1 runed translucent door, Crazy Yiuf
D:8 Maurice


Innate Abilities, Weirdness & Mutations

You have a pair of horns on your head.
You reflexively headbutt those who attack you in melee.


Message History

The orc warrior closely misses you.
Found 2 scrolls of enchant armour and a manual of Throwing.
Found a roughly hewn altar of Beogh.
Aiming: Fastroot
Press: ? - help, Shift-Dir - straight line, f - orc knight
Aim: an orc knight, wielding a +0 trident and wearing a +0 scale mail The roots erupt in riotous growth!
Roots grab the orc knight.
Roots grab the orc warrior. x2
The grasping roots constrict the orc warrior.
The grasping roots constrict the orc knight.
The grasping roots constrict the orc warrior.
The orc warrior hits you from afar with a +0 halberd!
The orc knight hits you from afar with a +0 trident.
The orc warrior hits you from afar with a +0 glaive!
A red film seems to cover your vision as you go berserk!
You feel yourself moving faster!
You feel mighty!
The grasping roots constrict the orc warrior.
The grasping roots constrict the orc knight.
The grasping roots constrict the orc warrior.
The roots release their grip on the orc knight.
The roots release their grip on the orc warrior.
The orc warrior hits you but does no damage.
The orc knight roars a battlecry!
The orc warriors go into a battle-frenzy!
The orc warrior hits you from afar with a +0 glaive!!
You feel a strong urge to attack something.
The grasping roots constrict the orc warrior.
The roots release their grip on the orc warrior.
The orc warrior hits you but does no damage.
The orc knight hits you with a +0 trident!
* * * LOW HITPOINT WARNING * * *
The orc warrior hits you with a +0 glaive!
* * * LOW HITPOINT WARNING * * *
The orc warrior hits you from afar with a +0 glaive!!
* * * LOW HITPOINT WARNING * * *
There is an open door, spattered with blood here.
You closely miss the orc knight. You headbutt the orc knight!
You hit the orc warrior. You slash the orc warrior! You slice the orc knight!!
You slash the orc warrior! You closely miss the orc warrior.
The orc warrior hits you with a +0 halberd.
* * * LOW HITPOINT WARNING * * *
The orc knight completely misses you. You furiously retaliate!
You headbutt the orc knight!!
You kill the orc knight!
Trog accepts your kill.
The orc warrior hits you with a +0 glaive!!
* * * LOW HITPOINT WARNING * * *
The orc warrior hits you from afar with a +0 glaive!
You die...

..≈##.##≈~~~~~~~~~~~~~~~≈##.##≈..
..≈#...)~~~~~~~~~~~~~~~~~....#≈..
..≈##.∩#≈~~~~~~~~~~~~~~~≈#∩.##≈..
..≈≈#.##≈~~~~#######~~~~≈##.#≈≈..
..~≈≈~≈≈≈~~~##~~~~##~~~~≈≈≈~≈≈~..
..~~~~~~~~~##~~~~~##~~~~~~~~~)~..
..~~~~~~~~##~~#'''##~~~~~~~~~)~..
..~~~~~~~~#~~##∩.∩##~~##~~~~~)~..
..~~~~~~~##~####@####~##~~~~~~~..
..~~~~~~~##~'.#oo)#)'~##~~~~~~~..
..~~~~~~~##~###.o.###~##~~~~~~~..
..~~~~~~~##~')#:.?#)'~##~~~~~~~..
..~~~~~~~##~#########~##~~~~~~~..
..~~~~~~~~#~~##)#.##~~#~~~~~~~~..
..~~~~~~~~##~~#'#'#~~##~~~~~~~~..
..~~~~~~~~~##~~~~~~~##~~~~~~)~~.)
..~≈≈~≈≈≈~~~#########~~~≈≈≈~≈≈~.)


You could see 3 orc warriors.

Vanquished Creatures
  Erica (D:8)
  A two-headed ogre (D:8)
  Pikel (D:8)
  An orc knight (Bailey)
  Psyche (D:8)
  A hornet (D:7)
  Menkaure (D:4)
  Edmund (D:4)
  2 water moccasins
  8 orc warriors
  3 ice beasts
  A sky beast (D:7)
  Pargi (Sewer)
  A black bear (D:6)
  2 ogres
  A lemure (D:8)
  A bullfrog (D:6)
  3 scorpions
  5 wights (D:7)
  A howler monkey (D:5)
  4 hounds (D:5)
  2 jellies
  2 orc priests
  4 sleepcaps
  An iguana (D:7)
  3 orc wizards
  A mummy (Ossuary)
  7 gnolls
  7 adders
  A shadow imp (D:6)
  2 white imps
  3 worms
  3 dart slugs
  39 orcs
  6 spectral bats (Ossuary)
  5 endoplasms
  3 giant cockroaches
  12 gnoll zombies (Ossuary)
  7 goblins
  7 hobgoblins
  15 jackals
  4 kobolds
  5 quokkas
  8 ball pythons
  6 bats
  3 bat simulacra (Ossuary)
  8 frilled lizards
  A goblin simulacrum (Ossuary)
  3 goblin zombies (Ossuary)
  5 hobgoblin zombies (Ossuary)
  3 kobold simulacra (Ossuary)
  6 kobold zombies (Ossuary)
  4 orc zombies (Ossuary)
  4 rats
  4 rat simulacra (Ossuary)
  7 spectral goblins (Ossuary)
  A spectral kobold (Ossuary)
  3 spectral rats (Ossuary)
246 creatures vanquished.

Notes
Turn   | Place    | Note
-------+----------+-------------------------------------------
     0 | D:1      | Pooter the Minotaur Berserker began the quest for the Orb.
     0 | D:1      | Reached XP level 1. HP: 19/19 MP: 0/0
   149 | D:1      | Reached skill level 4 in Axes
   225 | D:1      | Reached XP level 2. HP: 27/27 MP: 1/1
   833 | D:1      | Reached XP level 3. HP: 33/33 MP: 2/2
  1091 | D:2      | Reached ** piety under Trog
  1237 | D:2      | Reached skill level 5 in Axes
  1284 | D:2      | Reached XP level 4. HP: 39/41 MP: 3/3
  1582 | D:2      | Found a shimmering blue altar of Sif Muna.
  2210 | D:3      | Found a runed translucent door.
  2211 | D:3      | Noticed Crazy Yiuf
  2262 | D:3      | Reached skill level 1 in Ranged Weapons
  2355 | D:3      | Identified the +1 short sword "Ygabboqe" {flame, Fragile
                  | rN+++ Dex+4 Stlth+}
  2866 | D:4      | Noticed Edmund
  2887 | D:4      | Killed Edmund
  2888 | D:4      | Reached skill level 5 in Fighting
  2888 | D:4      | Reached skill level 6 in Axes
  2888 | D:4      | Reached XP level 5. HP: 31/48 MP: 4/4
  3054 | D:4      | Reached XP level 6. HP: 48/56 MP: 5/5
  3170 | D:4      | Noticed Menkaure
  3174 | D:4      | Killed Menkaure
  3175 | D:4      | Reached skill level 7 in Axes
  3445 | D:4      | Found a staircase to the Ecumenical Temple.
  3834 | D:5      | Entered Level 5 of the Dungeon
  3842 | D:5      | Reached *** piety under Trog
  3874 | D:5      | Reached XP level 7. HP: 62/62 MP: 6/6
  4238 | D:5      | Identified the +0 buckler of the Nexus {Str+2}
  4605 | D:5      | Reached skill level 5 in Ranged Weapons
  4619 | D:5      | Reached skill level 8 in Axes
  4744 | D:6      | Reached XP level 8. HP: 61/71 MP: 7/7
  4811 | D:6      | Found a glowing drain.
  4826 | Sewer    | Entered a sewer
  4863 | Sewer    | Noticed Pargi
  4871 | Sewer    | Killed Pargi
  4945 | D:6      | Found a sand-covered staircase.
  4950 | Ossuary  | Entered an ossuary
  5008 | Ossuary  | Reached **** piety under Trog
  5120 | Ossuary  | Reached skill level 9 in Axes
  5181 | Ossuary  | Reached ***** piety under Trog
  6361 | D:7      | Found a glowing silver altar of Zin.
  6386 | D:7      | Reached skill level 10 in Axes
  6386 | D:7      | Reached XP level 9. HP: 79/79 MP: 8/8
  7009 | D:8      | Noticed Maurice
  7010 | D:8      | Noticed Erica
  7087 | D:8      | Noticed Psyche
  7092 | D:8      | Noticed Pikel
  7099 | D:8      | Killed Psyche
  7106 | D:8      | Killed Pikel
  7107 | D:8      | Reached skill level 11 in Axes
  7165 | D:8      | Found Fitwaibo's Assorted Antiques.
  7172 | D:8      | Bought a heavily runed cloak for 209 gold pieces
  7172 | D:8      | Identified the +1 cloak of Pouruaj {rF+ Regen+ Str+7 SInv}
                  | (You bought it in a shop on level 8 of the Dungeon)
  7172 | D:8      | Bought a white potion for 19 gold pieces
  7172 | D:8      | Bought a runed iron ring for 110 gold pieces
  7219 | D:8      | Killed Erica
  7220 | D:8      | Reached XP level 10. HP: 63/90 MP: 9/9
  7225 | D:8      | Noticed a two-headed ogre
  7234 | D:8      | Killed a two-headed ogre
  7235 | D:8      | Reached skill level 12 in Axes
  7240 | D:8      | Reached skill level 10 in Ranged Weapons
  7327 | D:8      | Found a flagged portal.
  7341 | Bailey   | Entered a bailey
  7889 | Bailey   | Noticed an orc knight
  7894 | Bailey   | Killed an orc knight
  7894 | Bailey   | Slain by an orc warrior

Illustrated notes

Levels and vault maps discovered:
D:1:      dpeg_arrival_water_temple_mockup, layout_basic
D:2:      layout_loops_ring, basic_altar, grunt_ministairs_3,
          serial_park_tiny_1, wander_ebering_terrifying_dragon_lair
D:3:      layout_loops_cross, uniq_crazy_yiuf_cottage
D:4:      layout_loops_corners, minmay_temple_entry_fiery, uniq_menkaure,
          uniq_edmund
D:5:      layout_gridville
D:6:      layout_loops_cross, enter_ossuary_2, cheibrodos_sewer_entry_bend,
          chequers_serial_rivers_room_b, kennysheep_potato
D:7:      layout_loops_cross, zin_academy
D:8:      layout_loops_ring, enter_bailey_4, serial_shops,
          nicolae_shop_rolling_square, minivault_24, uniq_maurice, uniq_pikel,
          uniq_psyche, uniq_erica
Bailey:   bailey_polearm_2, bailey

Skill      XL: |  1  2  3  4  5  6  7  8  9 10 |
---------------+-------------------------------+-----
Axes           | 4 5 6 7 8 10 11 12 | 12.4
Fighting       | 4 5 6 7 8 9 |  9.3
Ranged Weapons | 2 4 5 7 9 10 | 10.3
Armour         | |  2.4
Dodging        | |  2.1

Action                     |  1- 3 |  4- 6 |  7- 9 | 10-12 || total
---------------------------+-------+-------+-------+-------++-------
  Melee: Hand axe          |   103 |    70 |       |       ||   173
         Headbutt          |     9 |    18 |    42 |    11 ||    80
         Punch             |     2 |     2 |     1 |       ||     5
         Flail             |       |    28 |   228 |       ||   256
         War axe           |       |       |    43 |    51 ||    94
   Fire: Sling             |       |    19 |    21 |       ||    40
         Arbalest          |       |       |       |    38 ||    38
  Throw: Boomerang         |       |       |    11 |    13 ||    24
 Invoke: Berserk           |     1 |     3 |     4 |     6 ||    14
         Trog's Hand       |       |     1 |     8 |     7 ||    16
  Evoke: Wand              |       |       |     1 |     1 ||     2
    Use: Scroll            |       |     8 |     6 |     9 ||    23
 Armour: Fire dragon scale |    61 |    20 |       |       ||    81
         Scale mail        |       |    16 |   115 |    15 ||   146
         Plate armour      |       |       |       |    33 ||    33
  Dodge: Dodged            |    60 |    53 |   121 |    74 ||   308
  Block: Buckler           |       |       |    41 |     6 ||    47

Table legend: (Time is in decaauts)
 A = Elapsed time spent in this place.
 B = Non-inter-level travel time spent in this place.
 C = Inter-level travel time spent in this place.
 D = Time resting spent in this place.
 E = Time spent auto-exploring this place.
 F = Levels seen in this place.
 G = Mean time per level.
                   A        B        C        D        E       F      G
               +--------+--------+--------+--------+--------+-----+--------+
         Total |   8138 |   7800 |    338 |    823 |   4881 |  11 |  739.8 |
       Dungeon |   7027 |   6689 |    338 |    530 |   4734 |   8 |  878.4 |
         Sewer |     97 |     97 |      0 |      4 |     54 |   1 |   97.0 |
       Ossuary |    359 |    359 |      0 |      0 |     93 |   1 |  359.0 |
        Bailey |    654 |    654 |      0 |    288 |      0 |   1 |  654.0 |
               +--------+--------+--------+--------+--------+-----+--------+

Top non-repeatable levels by time:
     D:4: 1189 daAuts
     D:1: 1081 daAuts
     D:6: 1069 daAuts
     D:5: 884 daAuts
     D:7: 883 daAuts
     D:3: 833 daAuts
     D:2: 777 daAuts
  Bailey: 654 daAuts
 Ossuary: 359 daAuts
     D:8: 308 daAuts
   Sewer: 97 daAuts
